 Dungeon Crawl Stone Soup version 0.28.0-43-g3370ac3207 (webtiles) character file.

Game seed: 13861717256971200187

4155 adizb the Basher (level 10, 0/82 (86) HPs)
             Began as a Black Draconian Fighter on Mar 7, 2022.
             Was a Believer of Nemelex Xobeh.
             Slain by a red devil
             ... wielding a +2 demon trident of draining
             ... summoned by the player character
              (23 damage)
             ... on level 9 of the Dungeon.
             The game lasted 00:40:11 (5989 turns).

adizb the Basher (Black Draconian Fighter)          Turns: 5989, Time: 00:40:11

HP:   0/82 (86)     AC:  9    Str: 20    XL:     10   Next: 7%
MP:   13/13         EV: 14    Int:  8    God:    Nemelex Xobeh [**....]
Gold: 379           SH:  5    Dex: 14    Spells: 9/9 levels left

rFire   . . .      SeeInvis .   e - +4 flail
rCold   . . .      Faith    .   b - +0 buckler
rNeg    . . .      Spirit   .   (armour unavailable)
rPois   .          Reflect  .   (helmet restricted)
rElec   +          Harm     .   y - +0 cloak
rCorr   +          Rampage  .   p - +0 pair of gloves
Will    +....                   (no boots)
Stlth   +.........              (no amulet)
HPRegen 0.23/turn               l - ring of resist corrosion
MPRegen 0.13/turn               r - ring of willpower

@: about to teleport, short of breath, studying Maces & Flails, lightly drained
A: breathe lightning, AC +7, unfitting armour, electricity resistance,
cold-blooded
a: Breathe Lightning, Renounce Religion, Draw Escape, Draw Destruction, Draw
Summoning


You were on level 9 of the Dungeon.
You worshipped Nemelex Xobeh.
Nemelex Xobeh was pleased with you.
You visited 2 branches of the dungeon, and saw 10 of its levels.

You collected 379 gold pieces.

Inventory:

Hand Weapons
 e - a +4 flail (weapon)
 m - a +3 whip of flaming
 z - a +2 mace of protection
Missiles
 n - 3 boomerangs (quivered)
 s - 16 poisoned darts
Armour
 b - a +0 buckler (worn)
 p - a +0 pair of gloves (worn)
 y - a +0 cloak (worn)
Jewellery
 l - a ring of resist corrosion (left hand)
 r - a ring of willpower (right hand)
 x - a ring of willpower
 C - a ring of fire
Wands
 o - a wand of iceblast (12)
 A - a wand of flame (22)
Scrolls
 a - a scroll of fear {unknown}
 d - 2 scrolls of fog
 f - a scroll of noise {unknown}
 k - 2 scrolls of teleportation
 q - a scroll of magic mapping {unknown}
 t - a scroll of immolation {unknown}
 B - a scroll of brand weapon {unknown}
Potions
 c - a potion of might
 g - 4 potions of flight
 h - a potion of resistance
 i - a potion of curing
 j - 2 potions of lignification
 u - 4 potions of brilliance
 w - 2 potions of magic {unknown}


   Skills:
 + Level 7.0 Fighting
 * Level 13.2 Maces & Flails
 + Level 5.8 Dodging
 + Level 6.4 Shields
 + Level 5.3 Invocations


You had 9 spell levels left.
You didn't know any spells.
Your spell library contained the following spells:

 Spells                   Type           Power      Damage    Failure   Level
 Magic Dart               Conj           0%         1d3       50%         1
 Searing Ray              Conj           0%         2d4       63%         2
 Portal Projectile        Hex/Tloc       0%         N/A       86%         3
 Fulminant Prism          Conj/Hex       0%         3d6       99%         4
 Blade Hands              Tmut           0%         N/A       100%        5
 Excruciating Wounds      Necr           0%         N/A       100%        5


Dungeon Overview and Level Annotations

Branches:
Dungeon (9/15)             Temple (1/1) D:4
   Lair: D:8-11         Orc: D:9-12

Altars:
Ashenzari
Dithmenos
Fedhas
Gozag
Hepliaklqana
Kikubaaqudgha
Makhleb
Nemelex Xobeh
Okawaru
Qazlal
Ru
Sif Muna
Trog
Uskayaw
Vehumet
Wu Jian
Xom
Zin
The Shining One


Innate Abilities, Weirdness & Mutations

You can breathe wild blasts of lightning.
Your glossy black scales are hard. (AC +7)
You cannot fit into any form of body armour.
You are resistant to electric shocks. (rElec)
You are cold-blooded and may be slowed by cold attacks.


Message History

Your hell hound closely misses the red devil.
The red devil misses you.
The barbed spikes dig painfully into your body as you move.
Your hell hound closely misses the red devil.
Your hell hound bites the orange demon but does no damage.
You block the orange demon's attack. The orange demon misses you.
Your hell hound misses the red devil.
The red devil closely misses you.
Items here: ( ))) [.
The barbed spikes dig painfully into your body as you move.
Your hell hound barely misses the orange demon.
Your hell hound bites the orange demon.
The orange demon stings you from afar!
* * * LOW HITPOINT WARNING * * *
You are lethally poisoned!
The orange demon poisons you!
Things that are here:
a +0 dagger; 4 stones; a kobold corpse You feel better.
Your hell hound bites the red devil but does no damage.
Your hell hound bites the orange demon!
The orange demon stings you from afar.
* * * LOW HITPOINT WARNING * * *
Your hell hound misses the red devil.
As you read the scroll labelled VEMUIN WUKOFUH, it crumbles to dust.
You feel strangely unstable.
It was a scroll of teleportation.
Your hell hound breathes flames at the orange demon.
The blast of flame hits the orange demon!!
The red devil misses you.
Your hell hound misses the red devil.
Your hell hound bites the orange demon.
The orange demon closely misses your hell hound.
The orange demon misses your hell hound.
Your hell hound barely misses the red devil.
The red devil barely misses you.
Your hell hound bites the orange demon.
Your hell hound bites the red devil.
The orange demon barely misses your hell hound.
The orange demon hits your hell hound!
Your hell hound looks weaker.
You carefully extract the barbed spikes from your body.
Your hell hound bites the orange demon.
The red devil hits you from afar with a +2 demon trident of draining!!
You die...
Your body glows slightly and disappears.

###..[# #..#
..<...######..######
####.........>.....#
#..#######..###.#
#..# #..# #..# #..#
#..# #..# # #..#
#.4###.##### #..#
#h.h@))..... .(.
##4###.##### #.# ..
..# ## ####


You could see an orange demon (summoned, ally target), a red devil (summoned,
ally target) and 2 friendly hell hounds.

Vanquished Creatures
  Pikel (D:7)
  Prince Ribbit (D:5)
  A vampire (D:9)
  Eustachio (D:5)
  2 wyverns
  Grum (D:8)
  Duvessa (D:5)
  A sky beast (D:6)
  An ogre (D:4)
  2 wolves (D:8)
  2 centaurs
  2 kobold brigands
  A phantom (D:5)
  A bullfrog (D:7)
  5 scorpions
  Dowan (D:5)
  A wyvern skeleton (D:4)
  A water moccasin skeleton (D:5)
  A wight (D:9)
  2 howler monkeys
  A jelly (D:5)
  2 centaur zombies (D:9)
  4 hounds
  A bullfrog skeleton (D:6)
  A centaur skeleton (D:5)
  3 orc priests
  A gnoll shaman (D:6)
  3 iguanas
  2 orc wizards
  3 killer bee zombies
  Robin (D:3)
  4 gnolls (D:6)
  2 howler monkey skeletons
  13 adders
  2 white imps
  2 ufetubi
  4 worms
  4 dart slugs
  24 orcs
  8 bats
  9 endoplasms
  19 goblins
  13 hobgoblins
  3 quokkas
  11 ball pythons
  3 frilled lizards
  15 kobolds
  12 rats
199 creatures vanquished.

Vanquished Creatures (collateral kills)
  Maurice (D:8)
  An orc priest (D:8)
  2 orcs (D:8)
4 creatures vanquished.

Vanquished Creatures (others)
  A black bear (D:4)
  3 adders (D:4)
  2 orcs (D:4)
  2 giant cockroaches (D:4)
  A hobgoblin (D:4)
  2 kobolds
11 creatures vanquished.

Grand Total: 214 creatures vanquished

Notes
Turn   | Place    | Note
-------+----------+-------------------------------------------
     0 | D:1      | adizb the Draconian Fighter began the quest for the Orb.
     0 | D:1      | Reached XP level 1. HP: 19/19 MP: 1/1
    63 | D:1      | Reached XP level 2. HP: 21/26 MP: 2/2
    95 | D:1      | Reached skill level 3 in Maces & Flails
   322 | D:1      | Reached XP level 3. HP: 18/31 MP: 3/3
   652 | D:2      | Reached skill level 4 in Maces & Flails
   990 | D:2      | Reached skill level 5 in Maces & Flails
  1020 | D:2      | Reached XP level 4. HP: 38/38 MP: 4/4
  1036 | D:2      | You fall into a shaft and drop 1 floor!
  1350 | D:2      | Found a faded altar of an unknown god.
  1523 | D:3      | Noticed Robin
  1558 | D:3      | Killed Robin
  1559 | D:3      | Reached skill level 6 in Maces & Flails
  1675 | D:3      | Reached XP level 5. HP: 21/45 MP: 5/5
  1733 | D:3      | Found a stormy altar of Qazlal.
  2123 | D:4      | Killed a black bear
  2144 | D:4      | Noticed an ogre
  2183 | D:4      | Reached skill level 7 in Maces & Flails
  2239 | D:4      | Reached XP level 6. HP: 35/51 MP: 6/6
  2559 | D:4      | Reached skill level 8 in Maces & Flails
  2681 | D:4      | Found a shadowy altar of Dithmenos.
  2686 | D:4      | Found a hide-covered altar of Uskayaw.
  2704 | D:4      | Found a staircase to the Ecumenical Temple.
  2724 | Temple   | Entered the Ecumenical Temple
  2809 | Temple   | Became a worshipper of Nemelex Xobeh the Trickster
  2862 | D:4      | Found a shimmering blue altar of Sif Muna.
  2902 | D:4      | Found a glowing silver altar of Zin.
  2911 | D:4      | Found a shimmering altar of Xom.
  2956 | D:4      | Found an ornate altar of the Wu Jian Council.
  3086 | D:4      | Noticed a wyvern
  3117 | D:4      | Killed a wyvern
  3118 | D:4      | Your scales start taking on a glossy black colour.
  3118 | D:4      | Reached XP level 7. HP: 28/60 MP: 7/7
  3118 | D:4      | Gained mutation: You are resistant to electric shocks.
                  | (rElec) [Black Draconian growth]
  3157 | D:5      | Entered Level 5 of the Dungeon
  3182 | D:5      | Reached skill level 1 in Invocations
  3201 | D:5      | Reached skill level 9 in Maces & Flails
  3286 | D:5      | Noticed Eustachio
  3287 | D:5      | Reached XP level 8. HP: 22/67 MP: 9/9
  3293 | D:5      | Noticed Prince Ribbit
  3314 | D:5      | Killed Prince Ribbit
  3315 | D:5      | Reached skill level 5 in Fighting
  3315 | D:5      | Reached skill level 10 in Maces & Flails
  3334 | D:5      | Killed Eustachio
  3483 | D:5      | Reached skill level 5 in Shields
  3575 | D:5      | Reached skill level 11 in Maces & Flails
  3575 | D:5      | Noticed Dowan
  3578 | D:5      | Noticed Duvessa
  3813 | D:5      | Killed Duvessa
  3814 | D:5      | Reached XP level 9. HP: 54/75 MP: 11/11
  3824 | D:5      | Killed Dowan
  4176 | D:6      | Found a burning altar of Makhleb.
  4220 | D:6      | Reached * piety under Nemelex Xobeh
  4220 | D:6      | Received a gift from Nemelex Xobeh
  4277 | D:6      | Found an ancient bone altar of Kikubaaqudgha.
  4329 | D:6      | Reached skill level 5 in Dodging
  4913 | D:7      | Noticed Pikel
  4920 | D:7      | Killed Pikel
  4921 | D:7      | Reached skill level 12 in Maces & Flails
  4973 | D:7      | Reached ** piety under Nemelex Xobeh
  5075 | D:7      | Found an opulent altar of Gozag.
  5561 | D:8      | Noticed Grum
  5581 | D:8      | Killed Grum
  5697 | D:8      | Noticed Maurice
  5700 | D:8      | Killed Maurice
  5701 | D:8      | Reached skill level 13 in Maces & Flails
  5701 | D:8      | Reached skill level 5 in Invocations
  5790 | D:8      | Received a gift from Nemelex Xobeh
  5976 | D:9      | Reached XP level 10. HP: 54/86 MP: 13/13
  5983 | D:9      | Noticed an orange demon
  5989 | D:9      | Slain by a red devil

Illustrated notes

Levels and vault maps discovered:
D:1:      zelgadis_glass_arrival_small, layout_basic,
          ebering_dispersal_statue_hall, minmay_misc_feat_encased
D:2:      minmay_alternating_diamond, layout_loops_corners,
          ebering_ecumenical_altar_abandoned, minmay_rat_gold_closets
D:3:      layout_loops_ring, nicolae_qazlal_scattered_showers, st_stairs_8,
          uniq_robin
D:4:      nicolae_cairo_tiling_very_big, layout_loops_ring,
          overflow_temple_1_default, xom_confusion_cloud,
          overflow_temple_1_default, tgw_sif, zin_statuary,
          mainiacjoe_overflow_catwalk, minmay_temple_entry_hall,
          minmay_snake_closets
D:5:      minmay_octagon_keep, layout_cave_pools, uniq_prince_ribbit1,
          uniq_eustachio, uniq_duvessa
D:6:      layout_basic, mainiacjoe_overflow_surrounded_room,
          mainiacjoe_overflow_brackets
D:7:      layout_basic, nicolae_gozag_cash_rules_everything_around_me,
          uniq_pikel
D:8:      layout_loops_cross, uniq_grum, uniq_maurice
D:9:      layout_loops_ring, minmay_shop_damaged, minmay_misc_feat_tiny,
          onia_ninara_cookie
Temple:   nicolae_temple_figure_zero

Skill      XL: |  1  2  3  4  5  6  7  8  9 |
---------------+----------------------------+-----
Maces & Flails | 3 5 6 7 8 9 11 13 | 13.2
Dodging        | 3 4 5 |  5.8
Fighting       | 4 5 7 |  7.0
Shields        | 4 5 6 |  6.4
Invocations    | 2 3 5 |  5.3

Action                   |  1- 3 |  4- 6 |  7- 9 | 10-12 || total
-------------------------+-------+-------+-------+-------++-------
Melee: Flail             |   113 |   216 |   208 |       ||   537
       Tailslap          |     8 |    17 |    24 |       ||    49
Throw: Dart              |       |     6 |     3 |       ||     9
       Boomerang         |       |       |     6 |       ||     6
Invok: Draw Destruction  |       |       |     6 |     1 ||     7
       Draw Summoning    |       |       |     1 |     2 ||     3
 Abil: Breathe Lightning |       |       |    26 |       ||    26
  Use: Scroll            |     2 |     1 |     4 |     1 ||     8
       Potion            |       |     2 |     1 |     2 ||     5
 Stab: Sleeping          |     5 |     1 |       |       ||     6
       Distracted        |       |       |     1 |       ||     1
Armor: Skin              |    30 |    60 |    49 |       ||   139
Dodge: Dodged            |    58 |   109 |   136 |     5 ||   308
Block: Buckler           |    24 |    38 |    45 |     2 ||   109
